 Dungeon Crawl Stone Soup version 0.32-a0-893-gf85d74f360 (webtiles) character file.

Game seed: 4460584996066216515

687694 gameguard the Ruinous (level 27, -1/210 HPs)
             Began as a Demonspawn Earth Elementalist on Apr 2, 2024.
             Was the Champion of Sif Muna.
             Slain by a nargun (6 damage)
             ... while petrified by a nargun
             ... on level 15 of a ziggurat on Apr 3, 2024.
             The game lasted 06:43:16 (94663 turns).

gameguard the Ruinous (DsEE)                       Turns: 94663, Time: 06:43:17

Health: -1/210     AC: 18    Str: 18    XL:     27
Magic:  33/44      EV:  2    Int: 43    God:    Sif Muna [******]
Gold:   4544       SH:  0    Dex: 21    Spells: 8/61 levels left

rFire   + + +        a - staff "Woamaiq" {Int+7 SInv Stlth- Earth}
rCold   + . .        T - +7 kite shield of the Flute {*Corrode rElec rF+ rC+}
rNeg    + + +        B - +6 acid dragon scales "Epom" {rCorr Int+5}
rPois   ∞            E - +2 hat {Will+}
rElec   +            P - +2 cloak {rPois}
rCorr   +            (gloves unavailable)
SInv    +            o - +1 pair of boots "Ixux" {+Inv}
Will    +....        d - amulet of the Sky {Reflect rN+ Regen+ Int+3 Slay+5 SH+5}
Stlth   ++           K - ring "Weuwuuce" {rF+ Str+3 Dex+6 Slay+2}
HPRegen 1.35/turn    h - ring of Recklessness {rF+ rN+ Str+6}
MPRegen 0.29/turn

%: corrode self (3%), repel missiles, reflection
@: mighty, petrified, weak-willed, studying 6 skills
A: repulsion field 3, ignite blood 3, powered by pain 3, black mark, bedeviling,
aura of silence, demonic touch 3, deformed body
}: 4/15 runes: decaying, slimy, silver, gossamer
a: Renounce Religion, Evoke Invisibility, Channel Magic, Forget Spell, Divine
Exegesis


You were on level 15 of a ziggurat.
You worshipped Sif Muna.
Sif Muna was exalted by your worship.
You visited 12 branches of the dungeon, and saw 56 of its levels.
You visited 1 ziggurat, and saw 15 of its levels.
You also visited: Bailey, Ice Cave and Volcano.

You collected 11751 gold pieces.
You spent 7207 gold pieces at shops.

Inventory:

Hand Weapons
 b - the +6 Majin-Bo {spellvamp, MP+6 Int+6}
   (You found it on level 3 of the Crypt)

   Int+6:     It affects your intelligence (+6).
   MP+6:      It affects your magic capacity (+6).
Missiles
 s - 3 throwing nets {!f}
 C - 8 curare-tipped darts
Armour
 o - the +1 pair of boots "Ixux" (worn) {+Inv}
   (You found it on level 5 of the Realm of Zot)

   +Inv:      It lets you turn invisible.
 B - the +6 acid dragon scales "Epom" (worn) {rCorr Int+5}
   (You found it on level 5 of the Pits of Slime)

   Int+5:     It affects your intelligence (+5).
   rCorr:     It protects you from acid and corrosion.
 E - a +2 hat of willpower (worn)
 P - a +2 cloak of poison resistance (worn)
 Q - a +2 helmet of see invisible
 T - the +7 kite shield of the Flute (worn) {*Corrode rElec rF+ rC+}
   (You took it off Asterion on level 1 of the Vaults)

   rF+:       It protects you from fire.
   rC+:       It protects you from cold.
   rElec:     It insulates you from electricity.
   *Corrode:  It may corrode you when you take damage.
Magical Staves
 a - the staff "Woamaiq" (weapon) {Int+7 SInv Stlth- Earth}
   (You found it on level 10 of a ziggurat)

   [staff of earth]

   Base accuracy: +5 Base damage: 5 Base attack delay: 1.2 This weapon's minimum
   attack delay (0.6) is reached at skill level 12.
   Int+7:     It affects your intelligence (+7).
   SInv:      It lets you see invisible.
   Stlth-:    It makes you less stealthy.
   Earth:     It increases the power of your Earth spells.
   It falls into the 'Staves' category.
   It is a one-handed weapon.
 w - a staff of conjuration
Jewellery
 d - the amulet of the Sky (around neck) {Reflect rN+ Regen+ Int+3 Slay+5 SH+5}
   (You found it on level 3 of the Crypt)

   [amulet of reflection]

   Reflect:   It reflects blocked missile attacks.
   Int+3:     It affects your intelligence (+3).
   Slay+5:    It affects your accuracy & damage with ranged weapons and melee
   (+5).
   rN+:       It protects you from negative energy.
   Regen+:    It increases your rate of health regeneration.
   SH+5:      It affects your SH (+5).
 e - the ring "Deukus" {Wiz Dex+5}
   (You found it on level 14 of a ziggurat)

   [ring of wizardry]

   Wiz:       It improves your spell success rate.
   Dex+5:     It affects your dexterity (+5).
 h - the ring of Recklessness (right hand) {rF+ rN+ Str+6}
   (You found it on level 6 of a ziggurat)

   [ring of strength]

   Str+6:     It affects your strength (+6).
   rF+:       It protects you from fire.
   rN+:       It protects you from negative energy.
 D - the ring of Seol {rC- MP+9 Dex+6 SInv}
   (You bought it in a shop on level 3 of the Elven Halls)

   [ring of dexterity]

   Dex+6:     It affects your dexterity (+6).
   rC-:       It makes you vulnerable to cold.
   MP+9:      It affects your magic capacity (+9).
   SInv:      It lets you see invisible.
 K - the ring "Weuwuuce" (left hand) {rF+ Str+3 Dex+6 Slay+2}
   (You acquired it on level 14 of the Dungeon)

   [ring of dexterity]

   Str+3:     It affects your strength (+3).
   Dex+6:     It affects your dexterity (+6).
   Slay+2:    It affects your accuracy & damage with ranged weapons and melee
   (+2).
   rF+:       It protects you from fire.
 L - the ring of Ejuru {rC+ rN++ Str-5 Int+2 Slay+3}
   (You found it on level 3 of the Crypt)

   [ring of protection from cold]

   Str-5:     It affects your strength (-5).
   Int+2:     It affects your intelligence (+2).
   Slay+3:    It affects your accuracy & damage with ranged weapons and melee
   (+3).
   rC+:       It protects you from cold.
   rN++:      It greatly protects you from negative energy.
 O - the ring of Orthodoxy {rC+ rCorr Slay+2 Stlth+}
   (You bought it in a shop on level 3 of the Elven Halls)

   [ring of resist corrosion]

   Slay+2:    It affects your accuracy & damage with ranged weapons and melee
   (+2).
   rC+:       It protects you from cold.
   rCorr:     It protects you from acid and corrosion.
   Stlth+:    It makes you more stealthy.
 U - the ring "Fuwyoho" {rPois Will+++ rCorr Str-2 Dex+6}
   (You found it on level 10 of a ziggurat)

   [ring of dexterity]

   Str-2:     It affects your strength (-2).
   Dex+6:     It affects your dexterity (+6).
   rPois:     It protects you from poison.
   Will+++:   It greatly increases your willpower.
   rCorr:     It protects you from acid and corrosion.
Wands
 n - a wand of digging (8)
 p - a wand of quicksilver (18)
 q - a wand of charming (30)
 y - a wand of warping (40)
 M - a wand of mindburst (45)
Scrolls
 i - 33 scrolls of teleportation
 k - 2 scrolls of amnesia
 l - 7 scrolls of fog
 m - 6 scrolls of summoning
 z - 13 scrolls of blinking
 F - 14 scrolls of immolation
 G - 17 scrolls of revelation
 N - 4 scrolls of fear
 Z - 5 scrolls of enchant armour
Potions
 c - 12 potions of mutation
 f - 9 potions of magic
 g - 8 potions of lignification
 t - 9 potions of ambrosia
 u - 8 potions of brilliance
 v - 14 potions of enlightenment
 x - 16 potions of heal wounds
 A - 6 potions of might
 H - 8 potions of haste
 I - 5 potions of cancellation
 J - 2 potions of resistance
 R - 27 potions of curing
 S - 3 potions of invisibility
Miscellaneous
 r - a box of beasts
 V - a phantom mirror
 X - a condenser vane


   Skills:
 - Level 16.0 Fighting
 - Level 4.0 Short Blades
 - Level 2.0(6.5) Maces & Flails
 - Level 9.8(10.0) Staves
 - Level 7.0 Armour
 - Level 14.0 Dodging
 - Level 4.0 Stealth
 - Level 14.0 Shields
 + Level 17.6 Spellcasting
 + Level 24.3 Conjurations
 - Level 2.0 Hexes
 - Level 12.0 Summonings
 - Level 5.0 Translocations
 * Level 18.4 Fire Magic
 - Level 2.0 Air Magic
 - Level 16.0 Earth Magic
 - Level 7.0 Alchemy
 - Level 20.0 Invocations
 - Level 16.0 Evocations


You had 8 spell levels left.
You knew the following spells:

 Your Spells              Type           Power      Damage    Failure   Level
a - Irradiate             Conj/Alch      53%        3d29      1%          5
b - Passage of Golubria   Tloc           69%        N/A       1%          4
d - Ignition              Fire           57%        3d16      4%          8
e - Spellforged Servitor  Conj/Summ      57%        N/A       1%          7
h - Iskenderun's Mystic   Conj/Tloc      100%       2d19      (+2d11%     4
l - Blink                 Tloc           100%       N/A       1%          2
q - Apportation           Tloc           100%       N/A       1%          1
t - Lee's Rapid Deconstr  Erth           66%        3d30*     1%          5
u - Passwall              Erth           100%       N/A       0%          3
x - Lehudib's Crystal Sp  Conj/Erth      71%        10d16     2%          8
z - Bombard               Conj/Erth      71%        9d12      1%          6

Your spell library contained the following spells:

 Spells                   Type           Power      Damage    Failure   Level
 Foxfire                  Conj/Fire      100%       2x1d9     0%          1
 Kiss of Death            Conj/Necr      100%       2d13      0%          1
 Magic Dart               Conj           100%       1d8       0%          1
 Sandblast                Erth           100%       2d20      0%          1
 Shock                    Conj/Air       100%       1d9       0%          1
 Sting                    Conj/Alch      100%       1d9       0%          1
 Summon Small Mammal      Summ           100%       N/A       0%          1
 Call Imp                 Summ           100%       N/A       0%          2
 Momentum Strike          Conj/Tloc      100%       3d10      0%          2
 Scorch                   Fire           100%       2d9       0%          2
 Searing Ray              Conj           100%       2d8       0%          2
 Static Discharge         Conj/Air       100%       3-8/arc   0%          2
 Stone Arrow              Conj/Erth      100%       3d13      0%          3
 Brom's Barrelling Bould  Conj/Erth      100%       2d11      0%          4
 Flame Wave               Conj/Fire      100%       2d21      0%          4
 Fireball                 Conj/Fire      61%        3d23      0%          5
 Iskenderun's Battlesphe  Conj           100%       2d15      0%          5
 Freeze                   Ice            100%       1d10      1%          1
 Necrotise                Necr           100%       1d9       1%          1
 Slow                     Hex            100%       N/A       1%          1
 Cigotuvi's Dreadful Rot  Necr/Alch/Air  100%       N/A       1%          2
 Ensorcelled Hibernation  Hex/Ice        100%       N/A       1%          2
 Jinxbite                 Hex            100%       N/A       1%          2
 Lesser Beckoning         Tloc           100%       N/A       1%          2
 Mercury Vapours          Alch/Air       100%       N/A       1%          2
 Call Canine Familiar     Summ           96%        N/A       1%          3
 Confusing Touch          Hex            70%        N/A       1%          3
 Dazzling Flash           Conj/Hex       100%       N/A       1%          3
 Hailstorm                Conj/Ice       97%        3d15      1%          3
 Inner Flame              Hex/Fire       100%       N/A       1%          3
 Maxwell's Portable Pile  Tloc           69%        2d(12-34) 1%          3
 Mephitic Cloud           Conj/Alch/Air  93%        N/A       1%          3
 Sigil of Binding         Hex            70%        N/A       1%          3
 Summon Ice Beast         Ice/Summ       74%        N/A       1%          3
 Swiftness                Air            53%        N/A       1%          3
 Teleport Other           Tloc           69%        N/A       1%          3
 Tukima's Dance           Hex            70%        N/A       1%          3
 Volatile Blastmotes      Fire/Tloc      100%       2d18      1%          3
 Animate Armour           Summ/Erth      100%       N/A       1%          4
 Fulminant Prism          Conj/Alch      53%        3d22      1%          4
 Ignite Poison            Fire/Alch      99%        N/A       1%          4
 Leda's Liquefaction      Alch/Erth      58%        N/A       1%          4
 Martyr's Knell           Necr/Summ      74%        N/A       1%          4
 Olgreb's Toxic Radiance  Alch           78%        N/A       1%          4
 Petrify                  Alch/Erth      100%       N/A       1%          4
 Sticky Flame             Fire/Alch      99%        2d15      1%          4
 Summon Blazeheart Golem  Fire/Summ      100%       N/A       1%          4
 Summon Lightning Spire   Summ/Air       78%        N/A       1%          4
 Arcjolt                  Conj/Air       50%        1d60      1%          5
 Borgnjor's Vile Clutch   Necr/Erth      51%        N/A       1%          5
 Freezing Cloud           Conj/Ice/Air   42%        6-21      1%          5
 Summon Forest            Summ/Tloc      42%        N/A       1%          5
 Conjure Ball Lightning   Conj/Air       50%        3x3d17    1%          6
 Starburst                Conj/Fire      61%        6d16      1%          6
 Summon Cactus Giant      Summ           48%        N/A       1%          6
 Orb of Destruction       Conj           64%        9d15      1%          7
 Sublimation of Blood     Necr           37%        N/A       2%          2
 Alistair's Intoxication  Alch           52%        N/A       2%          5
 Summon Mana Viper        Hex/Summ       98%        N/A       2%          5
 Dimensional Bullseye     Hex/Tloc       40%        N/A       3%          4
 Vhi's Electric Charge    Tloc/Air       100%       N/A       3%          4
 Plasma Beam              Fire/Air       45%        2x1d59    3%          6
 Frozen Ramparts          Ice            74%        1d12      4%          3
 Fugue of the Fallen      Necr           37%        N/A       4%          3
 Ozocubu's Armour         Ice            37%        N/A       4%          3
 Vampiric Draining        Necr           37%        2d8       4%          3
 Airstrike                Air            26%        2d(4-20)  6%          4
 Cause Fear               Hex            35%        N/A       6%          4
 Yara's Violent Unravell  Hex/Alch       43%        3d17      6%          5
 Permafrost Eruption      Ice/Erth       51%        2x4d12    9%          6
 Monstrous Menagerie      Summ           48%        N/A       9%          7
 Summon Hydra             Summ           48%        N/A       9%          7
 Anguish                  Hex/Necr       31%        N/A       10%         4
 Eringya's Noxious Bog    Alch           39%        4d6       13%         6
 Dispel Undead            Necr           37%        3d15      14%         4
 Silence                  Hex/Air        35%        N/A       19%         5
 Metabolic Englaciation   Hex/Ice        31%        N/A       26%         5
 Dispersal                Tloc           34%        N/A       28%         6
 Gell's Gavotte           Tloc           34%        2d(26-39) 28%         6
 Malign Gateway           Summ/Tloc      42%        N/A       36%         7
 Curse of Agony           Necr           37%        N/A       38%         5
 Sculpt Simulacrum        Ice/Alch       30%        N/A       47%         6
 Summon Horrible Things   Summ           48%        N/A       56%         8
 Haunt                    Necr/Summ      37%        N/A       71%         7
 Manifold Assault         Tloc           34%        N/A       85%         7
 Death Channel            Necr           18%        N/A       92%         6
 Enfeeble                 Hex            35%        N/A       99%         7
 Ozocubu's Refrigeration  Ice            18%        4d11      100%        7
 Borgnjor's Revivificati  Necr           18%        N/A       100%        8
 Discord                  Hex            35%        N/A       100%        8
 Disjunction              Tloc           34%        N/A       100%        8
 Maxwell's Capacitive Co  Air            26%        ∞         100%        8
 Fire Storm               Conj/Fire      61%        8d15      22%         9
 Shatter                  Erth           66%        3d49*     91%         9
 Chain Lightning          Conj/Air       50%        3d66      100%        9
 Death's Door             Necr           18%        N/A       100%        9
 Dragon's Call            Summ           48%        N/A       100%        9
 Polar Vortex             Ice            18%        12d2*     100%        9


Dungeon Overview and Level Annotations

Branches:
Dungeon (15/15) Zot: 22761  Temple (1/1) D:4 Zot: 5878    Lair (5/5) D:11 Zot: 22729
  Swamp (4/4) Lair:2 Zot: 19412  Spider (4/4) Lair:2 Zot: 18178   Slime (5/5) Lair:4 Zot: 26400
    Orc (2/2) D:11 Zot: 10201     Elf (3/3) Orc:2 Zot: 11769  Vaults (5/5) D:13 Zot: 19066
  Crypt (3/3) Vaults:3 Zot: 10164    Tomb (0/3) Crypt:3      Depths (4/4) D:15 Zot: 12217
    Zot (5/5) Depths:4 Zot: 20964  Bailey (visited)           IceCv (visited)
Volcano (visited)

Altars:
Ashenzari
Cheibriados
Dithmenos
Fedhas
Gozag
Hepliaklqana
Kikubaaqudgha
Makhleb
Nemelex Xobeh
Okawaru
Qazlal
Ru
Sif Muna
Trog
Uskayaw
Vehumet
Wu Jian
Xom
Yredelemnul
Beogh
Jiyva

Shops:
D:4 :   D:7 *   D:13 =   Orc:1 *   Orc:2 !?[[   Elf:1 (   Elf:2 (*?*
Elf:3 =::*=

Portals:
Hell: Depths:1 Depths:2 Depths:3 Depths:4
Abyss: Depths:3
Pandemonium: Depths:2

Annotations:
D:10 exclusion: door
D:14 Roxanne
Crypt:1 2 transporters, Vailuoroe's ghost, veteran GrEE
Zot:5 1 exclusion


Innate Abilities, Weirdness & Mutations

Your facial features are unmistakably orcish.
You are surrounded by a strong repulsion field. (EV +4, RMsl)
Your demonic aura causes all spilled blood to erupt in flames.
You are powered by pain.
Your melee attacks may debilitate your foes.
Your hexes are more powerful.
You are surrounded by an aura of silence.
Your touch may irresistibly damage your foes and sap their willpower.
Armour fits poorly on your strangely shaped body.


Message History

Casting: Ignition (dangerous; 4% risk of failure)
Confirm with . or Enter, or press ? or * to list all spells.
Aiming: Bombard (safe; 1% risk of failure)
Press: ? - help, Shift-Dir - straight line, f - nargun
Aim: a nargun (heavily damaged, 96% to hit)
You feel a surge of power!
The iron shot misses the nargun.
You resist with almost no effort.
You have turned to stone.
The nargun hits you!!
Your willpower is stripped away!
The nargun bites you!! The nargun freezes you!! You resist.
The nargun hits you.
The nargun bites you but does no damage.
The nargun completely misses you. The nargun bites you!
* * * LOW HITPOINT WARNING * * *
The nargun freezes you! You resist.
* * * LOW HITPOINT WARNING * * *
The nargun hits you!!
* * * LOW HITPOINT WARNING * * *
You focus on the pain.
You feel your power returning.
The nargun bites you but does no damage.
You struggle to resist.
The nargun completely misses you. The nargun bites you!
* * * LOW HITPOINT WARNING * * *
The nargun freezes you! You resist.
* * * LOW HITPOINT WARNING * * *
The nargun hits you but does no damage.
The nargun bites you but does no damage.
The nargun hits you but does no damage. The nargun bites you!
* * * LOW HITPOINT WARNING * * *
The nargun freezes you!! You resist.
* * * LOW HITPOINT WARNING * * *
The nargun hits you.
* * * LOW HITPOINT WARNING * * *
The nargun bites you!
* * * LOW HITPOINT WARNING * * *
The nargun freezes you! You resist.
* * * LOW HITPOINT WARNING * * *
The nargun hits you!
* * * LOW HITPOINT WARNING * * *
The nargun bites you but does no damage.
The nargun hits you but does no damage. The nargun bites you!
You die...

▓▓.....
.......................▓
........................
........................
........................
...................../:?
.....................:)∩
.....................|:>
................@9†..|/∩
................9....!=[
........................
........................
........................
.......................▓
▓▓...................▓▓▓
▓▓.................▓▓
▓▓▓.............▓▓▓


You could see 2 narguns.

Vanquished Creatures
  Frederick (Crypt:2)
  4 dread liches
  A pandemonium lord (Zig:3)
  2 ancient liches (Crypt:3)
  Vv (Depths:4)
  2 royal mummies (Zig:13)
  Bai Suzhen (Spider:4)
  A shard shrike (Zig:15)
  4 caustic shrikes
  Saint Roka (Vaults:5)
  A Killer Klown (Zot:5)
  The ghost of Qephaces the Devastator, a veteran GnGl of Jiyva (Zot:4)
  4 curse toes
  11 golden dragons
  The ghost of Pimiptod the Executioner, an adept MiFi of the Shining One (Crypt:2)
  A bone dragon (Depths:4)
  3 electric golems
  Arachne (Spider:3)
  13 tentacled monstrosities
  A hellephant (Zig:7)
  4 Ice Fiends
  Mlioglotl (Swamp:1)
  Asterion (Vaults:1)
  A deep elf master archer (Elf:3)
  3 quicksilver dragons
  A deep elf blademaster (Elf:3)
  6 liches
  A walking divine tome (Depths:2)
  3 titans
  9 sphinxes
  A walking frostbound tome (Depths:3)
  8 death cobs
  2 ancient champions
  16 acid blobs
  Frances (Swamp:2)
  3 tentacled starspawn (Zig:11)
  5 shadow dragons
  2 thorn hunters (Swamp:4)
  7 tengu reavers
  2 nagarajas (Zig:12)
  9 storm dragons
  6 draconian monks
  11 draconian shifters
  5 protean progenitors
  8 draconian knights
  10 azure jellies
  8 fire giants
  3 narguns (Zig:15)
  8 rockslimes
  6 revenants
  4 deep elf sorcerers (Elf:3)
  15 frost giants
  8 draconian scorchers
  2 emperor scorpions
  An iron dragon (Depths:2)
  5 ghost moths
  9 vault wardens
  3 deep elf elementalists
  10 ghouls
  Louise (Swamp:1)
  A balrug (Depths:4)
  7 draconian stormcallers
  A juggernaut zombie (Crypt:1)
  2 curse skulls
  3 spriggan defenders
  7 ironbound preservers
  17 very ugly things
  13 stone giants
  A juggernaut skeleton (Zig:13)
  13 orc warlords
  A demonspawn blood saint (Zig:3)
  4 ironbound thunderhulks
  A caustic shrike skeleton (Crypt:3)
  14 vampire knights
  9 quicksilver oozes
  4 eleionomae
  4 broodmothers
  6 draconian annihilators
  17 green draconians
  10 deep elf annihilators
  9 deep elf death magi
  5 deep elf demonologists
  9 white draconians
  15 black draconians
  A bunyip (shapeshifter) (Vaults:5)
  2 spark wasps
  4 war gargoyles
  8 bunyips
  Azrael (D:14)
  6 wendigos (Zig:15)
  3 dire elephants (Vaults:2)
  10 yellow draconians
  8 starcursed masses (Zig:11)
  7 red draconians
  7 purple draconians
  3 merfolk javelineers (Zig:6)
  10 ettins
  A crystal guardian (Vaults:3)
  4 eidola
  3 mummy priests (Zig:13)
  7 fire dragons
  2 entropy weavers
  6 jiangshi
  4 yaktaur captains
  A shambling mangrove (Zig:9)
  6 deep elf high priests
  A merfolk impaler (Depths:1)
  4 rakshasas
  3 great orbs of eyes
  11 ice dragons
  22 vault guards
  A fenstrider witch skeleton (Crypt:3)
  8 ghost crabs
  15 hydras
  5 spriggan air magi
  2 salamander tyrants (Zig:12)
  4 ogre magi
  2 peacekeepers (Vaults:3)
  8 alligators
  An anaconda (Zot:2)
  A merfolk avatar (Zig:6)
  3 ironbound frosthearts (Vaults:4)
  2 radroaches
  4 catoblepae
  A jorogumo (Spider:2)
  11 two-headed ogres
  5 centaur warriors
  39 dancing weapons
  3 spriggan skeletons
  2 death knights
  4 tengu warriors
  A merfolk aquamancer (Zig:6)
  An Orb Guardian skeleton (Crypt:2)
  3 boulder beetles
  8 death yaks
  2 deep troll shamans
  3 deep troll earth magi
  5 demonic crawlers
  4 spriggan berserkers
  A shock serpent (Zig:12)
  5 vampire magi
  5 orc high priests
  A naga sharpshooter (Zig:12)
  3 occultists
  2 naga warriors
  2 storm dragon zombies
  17 deep elf knights
  2 wretched stars (Zig:11)
  2 hell knights (Depths:2)
  4 shadow wraiths
  2 skysharks
  An anaconda zombie (Crypt:3)
  6 pharaoh ants
  11 skeletal warriors
  An iron troll (Depths:4)
  2 titan skeletons
  10 nameless horrors
  3 glowing orange brains
  15 deep elf archers
  2 naga ritualists (Zig:12)
  9 swamp dragons
  20 deep trolls
  11 flayed ghosts
  5 orb spiders
  A storm dragon skeleton (Zig:13)
  A death drake (Zot:3)
  4 large abominations (Zig:11)
  3 spriggan druids
  4 mana vipers
  An obsidian statue (IceCv)
  10 ironbound convokers
  2 arcanists
  7 bog bodies
  A death drake (shapeshifter) (Vaults:5)
  5 spriggan simulacra
  A glowing orange brain (shapeshifter) (Vaults:3)
  An obsidian bat (Orc:1)
  6 steelbarb worms
  5 thermic dynamos
  A bunyip skeleton (Crypt:2)
  16 phantasmal warriors
  7 lindwurms
  A tengu zombie (Zig:13)
  22 deep elf pyromancers
  6 necromancers
  A steelbarb worm (shapeshifter) (Vaults:3)
  2 harpies (Vaults:2)
  Pikel (D:4)
  8 wolf spiders
  An oklob plant (Lair:1)
  17 orc knights
  36 deep elf zephyrmancers
  3 manticores
  31 ugly things
  An elf skeleton (Vaults:5)
  3 will-o-the-wisps
  2 shining eyes
  12 orc sorcerers
  7 cyclopes
  3 centaur zombies
  4 meliai
  31 moths of wrath
  7 elephants
  A toenail golem (Volcano)
  6 kobold blastminers
  12 vault sentinels
  An alligator skeleton (Crypt:1)
  5 black mambas
  A dire elephant zombie (Crypt:1)
  3 torpor snails
  3 water nymphs
  A rust devil (Lair:5)
  An apocalypse crab (Zig:11)
  4 naga magi (Zig:12)
  A water nymph (shapeshifter) (Vaults:5)
  11 cane toads
  3 eyes of devastation
  3 centaur skeletons
  2 gargoyles (Crypt:3)
  2 smoke demons
  An unseen horror zombie (Crypt:2)
  A cane toad (shapeshifter) (D:15)
  6 freezing wraiths
  3 rime drakes
  A tormentor (Zig:15)
  An efreet (D:15)
  Jeremiah (Lair:1)
  26 yaktaurs
  3 hellions
  An unseen horror (D:12)
  6 kobold demonologists
  3 anaconda simulacra
  A minotaur skeleton (Crypt:1)
  6 tengu conjurers
  An ancient zyme (Zig:11)
  4 ice devils
  5 komodo dragons
  9 guardian mummies (Zig:13)
  A merfolk (Zig:6)
  11 trolls
  A red devil (Swamp:2)
  A hydra zombie (Crypt:1)
  2 golden dragon simulacra (IceCv)
  A grey draconian skeleton (Crypt:2)
  3 bloated husks
  An alligator simulacrum (IceCv)
  19 hornets
  A polar bear (Lair:5)
  14 tarantellas
  A raiju (Zig:11)
  13 jumping spiders
  8 tyrant leeches
  6 glass eyes
  7 blink frogs
  9 orc apostles
  A jumping spider (shapeshifter) (D:13)
  A harpy skeleton (D:15)
  7 dream sheep
  An ettin zombie (Crypt:3)
  71 slime creatures
  9 culicivoras
  8 shadows
  5 fire dragon skeletons (Crypt:3)
  2 dire elephant simulacra (IceCv)
  3 air elementals
  2 humans
  A ynoxinul (Zig:11)
  A spriggan (shapeshifter) (D:14)
  18 spriggans
  3 water elementals
  6 wyverns
  4 ushabtiu (Zig:13)
  12 wraiths
  33 yaks
  4 basilisks
  3 steam dragons
  9 fire elementals
  7 vampires (Crypt:3)
  25 redbacks
  A black mamba skeleton (Crypt:1)
  4 golden eyes
  A redback (shapeshifter) (Depths:2)
  10 vampire mosquitoes
  9 wargs
  A naga (Zig:12)
  10 minotaur simulacra
  A faun zombie (Crypt:1)
  15 water moccasins
  Duvessa (D:5)
  7 swamp worms
  2 acid dragons
  A hydra simulacrum (IceCv)
  2 black bears
  5 swamp drakes
  A naga skeleton (Crypt:1)
  78 orc warriors
  A human zombie (Vaults:5)
  3 ice beasts
  25 laughing skulls
  35 ogres
  8 boggarts
  8 centaurs
  A hog zombie (Crypt:2)
  2 wolves
  A swamp dragon skeleton (Crypt:1)
  3 lemures (D:4)
  10 bullfrogs
  A warg zombie (Crypt:1)
  3 kobold brigands
  3 scorpions
  9 deep troll simulacra
  A glowing shapeshifter simulacrum (Zig:15)
  A gnoll sergeant (D:6)
  4 earth elementals
  6 wights
  A lindwurm simulacrum (IceCv)
  12 killer bees
  2 electric eels
  2 bombardier beetles
  6 howler monkeys
  A sleepcap (D:5)
  4 hounds
  20 orc priests
  2 jellies (D:5)
  A gnoll bouda (D:10)
  An iguana (D:4)
  22 orc wizards
  8 mummies (Zig:13)
  18 gnolls
  7 adders
  A shadow imp (D:5)
  2 ufetubi
  3 dart slugs
  78 orcs
  5 endoplasms
  2 giant cockroaches
  15 goblins
  19 hobgoblins
  7 jackals
  2 quokkas
  5 ball pythons
  4 bats
  5 frilled lizards
  14 kobolds
  12 rats
  A river rat skeleton (Crypt:1)
  An aspiring flesh (Zot:2)
  2 starspawn tentacles (Zig:11)
2180 creatures vanquished.

Vanquished Creatures (collateral kills)
  the Royal Jelly (Slime:5)
  2 ancient liches (Zot:5)
  A caustic shrike (Depths:2)
  Nikola (Vaults:1)
  Norris (Vaults:1)
  5 golden dragons
  A hellephant (Zig:7)
  4 tentacled monstrosities
  An electric golem (Zot:1)
  A lich (Depths:1)
  A quicksilver dragon (Zot:4)
  A titan (Vaults:5)
  6 acid blobs
  2 death cobs
  3 sphinxes
  3 ancient champions
  The ghost of TwadoKnight the Warrior, an adept MiFi of Gozag (Spider:3)
  2 shadow dragons (Vaults:5)
  Aizul (Spider:3)
  Agnes (Elf:2)
  3 tengu reavers
  A thorn hunter (Swamp:2)
  2 storm dragons
  2 fire giants
  Donald (Swamp:1)
  3 azure jellies
  2 protean progenitors
  5 emperor scorpions
  2 rockslimes
  2 draconian monks (Zot:2)
  An iron dragon (Vaults:5)
  A draconian shifter (Zot:2)
  13 vault wardens
  A draconian scorcher (Zot:2)
  5 ghost moths
  3 frost giants
  A draconian stormcaller (Depths:4)
  4 orc warlords
  2 ghouls
  4 stone giants
  2 spriggan defenders (Depths:4)
  2 broodmothers
  2 quicksilver oozes (Slime:5)
  9 ironbound preservers
  A very ugly thing (Depths:4)
  4 vampire knights
  3 ironbound thunderhulks
  A green draconian (Depths:4)
  2 eleionomae (Swamp:2)
  2 white draconians
  8 dire elephants (Vaults:2)
  A spark wasp (Spider:4)
  A war gargoyle (Vaults:1)
  3 black draconians
  2 bunyips
  Snorg (D:14)
  6 red draconians
  11 ettins
  4 purple draconians
  4 yellow draconians
  An ettin (shapeshifter) (Vaults:3)
  2 eidola (Crypt:2)
  A quicksilver dragon zombie (Crypt:2)
  3 deep elf high priests (Vaults:5)
  7 yaktaur captains
  4 fire dragons
  5 entropy weavers
  3 great orbs of eyes
  22 vault guards
  3 salamander tyrants
  5 rakshasas
  2 ice dragons
  A ghost crab (Spider:2)
  6 hydras
  5 ironbound frosthearts
  4 alligators
  6 boulder beetles
  An ogre mage (Orc:2)
  A death knight (Crypt:1)
  A death scarab (Zig:13)
  2 anacondas
  A centaur warrior (D:13)
  2 dancing weapons
  5 death yaks (Lair:5)
  2 deep troll shamans
  7 two-headed ogres (Orc:2)
  3 radroaches
  4 tengu warriors
  A deep troll earth mage (Depths:1)
  2 demonic crawlers
  A naga sharpshooter (Zig:4)
  3 spriggan berserkers
  A titan zombie (Crypt:2)
  A vampire mage (Crypt:1)
  An occultist (Volcano)
  3 skeletal warriors
  A skyshark (shapeshifter) (Vaults:3)
  A salamander mystic (Zig:12)
  A deep elf knight (Elf:2)
  2 skysharks
  3 iron trolls
  2 pharaoh ants
  A goliath frog (Swamp:4)
  24 deep trolls
  5 arcanists
  2 flayed ghosts (Crypt:3)
  3 bog bodies
  7 orb spiders
  2 swamp dragons (Swamp:4)
  A spriggan druid (Swamp:4)
  A spatial maelstrom (Zig:11)
  A mana viper (Zig:12)
  5 spriggan simulacra (IceCv)
  2 steelbarb worms
  2 necromancers
  An ironbound convoker (Vaults:2)
  A glowing orange brain (Depths:1)
  6 lindwurms
  A harpy (shapeshifter) (Vaults:3)
  A phantasmal warrior (Crypt:1)
  2 harpies (Vaults:2)
  3 orc knights (Vaults:5)
  A deep elf pyromancer (D:14)
  13 ugly things
  14 wolf spiders
  8 moths of wrath
  A shining eye (shapeshifter) (Vaults:3)
  2 manticores
  A will-o-the-wisp (Swamp:3)
  An eleionoma skeleton (Crypt:1)
  4 toenail golems (Volcano)
  A salamander (Zig:12)
  5 shining eyes
  A kobold blastminer (Orc:2)
  A smoke demon (Depths:4)
  2 water nymphs (shapeshifter) (Vaults:5)
  7 elephants
  A black mamba (shapeshifter) (D:13)
  An orange demon (Lair:2)
  A centaur zombie (Crypt:1)
  3 torpor snails
  8 vault sentinels
  2 black mambas
  2 gargoyles (Crypt:3)
  8 cane toads
  A kobold demonologist (D:13)
  2 unseen horrors
  9 komodo dragons
  20 yaktaurs
  A komodo dragon (shapeshifter) (Vaults:4)
  A rime drake (Lair:2)
  5 ice devils (IceCv)
  4 tengu conjurers
  An efreet (D:13)
  2 freezing wraiths
  2 anaconda simulacra (IceCv)
  A troll (D:12)
  2 red devils
  3 alligator simulacra
  A polar bear (Lair:5)
  5 hornets
  A polar bear (shapeshifter) (D:13)
  3 tyrant leeches
  15 tarantellas
  6 dream sheep
  A glass eye (Depths:1)
  14 jumping spiders
  9 blink frogs
  31 slime creatures
  20 culicivoras
  2 elf zombies (Vaults:2)
  2 shadows
  3 wraiths
  4 humans (Volcano)
  A fire elemental (Depths:1)
  2 wargs
  25 yaks
  A basilisk (Lair:2)
  28 redbacks
  5 vampire mosquitoes
  A harpy simulacrum (IceCv)
  4 swamp worms
  4 water moccasins
  4 swamp drakes
  2 glowing shapeshifter skeletons
  An orc warrior (D:13)
  An ettin simulacrum (IceCv)
  4 boggarts
  7 laughing skulls
  A centaur (shapeshifter) (D:13)
  3 ogres (Orc:2)
  2 centaurs (D:13)
  3 wolves (Lair:2)
  A bullfrog (Lair:1)
  A deep troll simulacrum (IceCv)
  A salamander skeleton (Crypt:1)
  A gnoll sergeant (D:13)
  A wight (D:9)
  An orc priest (Vaults:5)
  3 orc wizards
  2 gnolls
  4 orcs
  A river rat zombie (Crypt:1)
  2 kobolds (D:12)
  2 aspiring fleshes
  A spectral weapon (Vaults:1)
748 creatures vanquished.

Vanquished Creatures (others)
  A death cob (Zot:3)
  A draconian knight (Zot:3)
  An orc warlord (D:13)
  21 orc apostles
  An orc high priest (D:13)
  A spriggan simulacrum (Swamp:1)
  A bog body (Swamp:1)
  3 orc knights
  2 slime creatures (Slime:2)
  2 tyrant leeches (Spider:2)
  A hornet (Spider:4)
  A warg (Depths:2)
  An orc warrior (Spider:4)
  A glowing shapeshifter simulacrum (Zig:15)
  7 orcs
  2 hobgoblins (Bailey)
  8 foxfires
  3 spectral weapons
  2 starspawn tentacles (Zig:11)
60 creatures vanquished.

Grand Total: 2988 creatures vanquished

Notes
Turn   | Place    | Note
-------+----------+-------------------------------------------
     0 | D:1      | gameguard the Demonspawn Earth Elementalist began the quest
                  | for the Orb.
     0 | D:1      | Reached XP level 1. HP: 13/13 MP: 3/3
     2 | D:1      | Found a faded altar of an unknown god.
   194 | D:1      | Gained mutation: You are surrounded by a mild repulsion
                  | field. (EV +2) [demonic ancestry]
   194 | D:1      | Reached XP level 2. HP: 14/19 MP: 0/5
   730 | D:2      | Reached XP level 3. HP: 22/24 MP: 2/6
  1582 | D:3      | Learned a level 3 spell: Stone Arrow
  1647 | D:3      | Found a shadowy altar of Dithmenos.
  1679 | D:3      | Reached XP level 4. HP: 30/30 MP: 6/8
  1768 | D:3      | Reached skill level 2 in Conjurations
  1787 | D:3      | Became a worshipper of Beogh the Shepherd
  2579 | D:4      | Gained mutation: You are surrounded by a moderate repulsion
                  | field. (EV +3) [demonic ancestry]
  2579 | D:4      | Reached XP level 5. HP: 36/36 MP: 7/9
  2703 | D:4      | Reached skill level 1 in Fighting
  2952 | D:4      | Noticed a lemure
  2954 | D:4      | Noticed a lemure
  3193 | D:4      | Found a staircase to the Ecumenical Temple.
  3206 | Temple   | Entered the Ecumenical Temple
  3443 | D:4      | Noticed Pikel
  3443 | D:4      | Noticed a lemure
  3587 | D:4      | Found Zimal's Book Emporium.
  3599 | D:4      | Learned a level 3 spell: Passwall
  3641 | D:5      | Entered Level 5 of the Dungeon
  4236 | D:4      | Reached skill level 3 in Conjurations
  4236 | D:4      | Gained mutation: Your touch may inflict minor irresistible
                  | damage on your foes. [demonic ancestry]
  4236 | D:4      | Reached XP level 6. HP: 44/44 MP: 7/10
  4982 | D:5      | Reached skill level 1 in Short Blades
  4982 | D:5      | Reached skill level 1 in Evocations
  5085 | D:5      | Noticed Dowan
  5087 | D:5      | Noticed Duvessa
  5217 | D:4      | Learned a level 2 spell: Jinxbite
  5597 | D:4      | Killed Pikel
  5598 | D:4      | Reached skill level 4 in Conjurations
  5598 | D:4      | Reached skill level 5 in Earth Magic
  5598 | D:4      | Gained mutation: Your demonic aura sometimes causes spilled
                  | blood to erupt in flames. [demonic ancestry]
  5598 | D:4      | Reached XP level 7. HP: 28/50 MP: 2/11
  5718 | D:5      | Reached * piety under Beogh
  5719 | D:5      | Reached XP level 8. HP: 40/56 MP: 1/13
  6246 | D:5      | Reached skill level 1 in Maces & Flails
  6246 | D:5      | Reached skill level 5 in Conjurations
  6364 | D:5      | Killed Duvessa
  6584 | D:5      | Dowan changed into Dowan the killer bee
  6584 | D:5      | Noticed Dowan
  6588 | D:5      | Killed Dowan the killer bee
  7168 | D:6      | Found a sparkling altar of Nemelex Xobeh.
  7188 | D:6      | Reached skill level 6 in Conjurations
  7325 | D:6      | Found an ornate altar of the Wu Jian Council.
  7449 | D:6      | Learned a level 4 spell: Brom's Barrelling Boulder
  7612 | D:6      | Reached skill level 1 in Invocations
  7612 | D:6      | Reached XP level 9. HP: 30/63 MP: 0/15
  7812 | D:7      | Reached skill level 5 in Spellcasting
  7984 | D:7      | Reached skill level 5 in Invocations
  8058 | D:7      | Reached ** piety under Beogh
  8537 | D:7      | Found Wengelibb's Serpentskin Sales.
  8583 | D:7      | Bought 4 curare-tipped darts for 62 gold pieces
  8583 | D:7      | Bought a scroll of poison for 52 gold pieces
  8910 | D:8      | Noticed Joseph
  9151 | D:8      | Learned a level 1 spell: Apportation
  9154 | D:8      | Learned a level 2 spell: Blink
  9450 | D:8      | Reached skill level 1 in Translocations
  9553 | D:8      | Joseph changed into Joseph the yak
  9553 | D:8      | Noticed Joseph
  9557 | D:8      | Killed Joseph the yak
 10543 | D:9      | Noticed a two-headed ogre
 10550 | D:9      | Killed a two-headed ogre
 10551 | D:9      | Reached skill level 7 in Conjurations
 10551 | D:9      | Gained mutation: Your touch may inflict irresistible damage
                  | on your foes. [demonic ancestry]
 10551 | D:9      | Reached XP level 10. HP: 71/71 MP: 1/18
 10696 | D:9      | Noticed Maurice
 10697 | D:9      | Maurice changed into Maurice the water moccasin
 10697 | D:9      | Noticed Maurice
 10699 | D:9      | Killed Maurice the water moccasin
 10809 | D:9      | Found a flagged portal.
 10834 | Bailey   | Entered a bailey
 11002 | Bailey   | Learned a level 3 spell: Mephitic Cloud
 11116 | Bailey   | Noticed an orc warlord
 11182 | Bailey   | Reached *** piety under Beogh
 11241 | Bailey   | Reached skill level 8 in Conjurations
 11361 | Bailey   | Got the Octavo of the Band and Battle Magic
 11364 | Bailey   | Reached skill level 9 in Conjurations
 11364 | Bailey   | Reached skill level 10 in Earth Magic
 11364 | Bailey   | Gained mutation: You sometimes gain a little power by
                  | taking damage. [demonic ancestry]
 11364 | Bailey   | Reached XP level 11. HP: 77/77 MP: 20/20
 11370 | Bailey   | Learned a level 4 spell: Petrify
 11539 | D:9      | Identified the +5 morningstar of Gohuet {elec, rCorr Str+3
                  | Stlth-}
 11546 | D:9      | Anointed Bogfrid the priest as your apostle
 11940 | D:9      | Found a radiant altar of Vehumet.
 12029 | D:9      | Reached skill level 1 in Air Magic
 12029 | D:9      | Reached skill level 1 in Alchemy
 12126 | D:9      | Found Utaih Lotaz's Vocational Training.
 12421 | D:10     | Entered Level 10 of the Dungeon
 12596 | D:10     | Reached skill level 10 in Conjurations
 12693 | D:10     | Identified the +9 sling of the Glamorous God {heavy, Fly
                  | rElec}
 12941 | D:10     | Reached skill level 1 in Armour
 13163 | D:10     | Noticed Warbeogh
 13170 | D:10     | Anointed Warbeogh the warrior as your apostle
 13237 | D:10     | Noticed an ogre mage
 13237 | D:10     | Noticed a green ugly thing
 13237 | D:10     | Noticed a centaur warrior
 13295 | D:10     | Noticed a boulder beetle
 13474 | D:10     | Found a snail-covered altar of Cheibriados.
 13613 | D:10     | Killed a boulder beetle
 13614 | D:10     | Gained mutation: Your touch may irresistibly damage your
                  | foes and sap their willpower. [demonic ancestry]
 13614 | D:10     | Reached XP level 12. HP: 84/84 MP: 9/21
 13633 | D:11     | Found a staircase to the Orcish Mines.
 13948 | D:11     | Found a staircase to the Lair.
 14194 | D:11     | You fall into a shaft and drop 3 floors!
 14200 | D:14     | Identified a scroll of acquirement
 14202 | D:14     | Acquired the ring "Weuwuuce" {rF+ Str+3 Dex+6 Slay+2}
 14272 | D:13     | Noticed a boulder beetle
 14277 | D:13     | Killed a boulder beetle
 14375 | D:12     | Reached skill level 5 in Fighting
 14395 | D:12     | Reached skill level 5 in Evocations
 14513 | D:12     | Identified the +0 leather armour "Gevin" {^Drain rC+
                  | Regen+}
 14561 | D:12     | Your ally Bogfrid died
 14662 | D:12     | Reached skill level 1 in Staves
 14679 | D:12     | Your ally Warbeogh died
 14681 | D:12     | Reached **** piety under Beogh
 14689 | D:12     | Noticed a boulder beetle
 14704 | D:12     | Anointed Boderik the warrior as your apostle
 14711 | D:12     | Killed a boulder beetle
 15415 | Orc:1    | Entered Level 1 of the Orcish Mines
 15572 | Orc:1    | Found Dapiof's Assorted Antiques.
 15596 | Orc:1    | Bought a scroll of teleportation for 81 gold pieces
 15651 | Orc:2    | Entered Level 2 of the Orcish Mines
 15651 | Orc:2    | Found a staircase to the Elven Halls.
 15753 | Orc:2    | Found a roughly hewn altar of Beogh.
 15791 | Orc:2    | Noticed a two-headed ogre
 15791 | Orc:2    | Noticed a two-headed ogre
 15791 | Orc:2    | Noticed a two-headed ogre
 15791 | Orc:2    | Noticed a two-headed ogre
 15791 | Orc:2    | Noticed a two-headed ogre
 15792 | Orc:2    | Noticed a two-headed ogre
 15792 | Orc:2    | Noticed a two-headed ogre
 15792 | Orc:2    | Noticed an ogre mage
 15793 | Orc:2    | Noticed an ogre mage
 15800 | Orc:2    | Killed a two-headed ogre
 15801 | Orc:2    | Killed a two-headed ogre
 15802 | Orc:2    | Killed an ogre mage
 15802 | Orc:2    | Killed a two-headed ogre
 15803 | Orc:2    | Gained mutation: You sometimes gain power by taking damage.
                  | [demonic ancestry]
 15803 | Orc:2    | Reached XP level 13. HP: 82/93 MP: 16/23
 15818 | Orc:2    | Your ally Boderik died
 15824 | Orc:2    | Reached skill level 11 in Conjurations
 15824 | Orc:2    | Your ally Warbeogh died
 15836 | Orc:2    | Reached skill level 5 in Dodging
 15839 | Orc:2    | Reached ***** piety under Beogh
 15869 | Orc:2    | Found Burol's Armour Boutique.
 15869 | Orc:2    | Found Miebusmo's Armour Shoppe.
 15913 | Orc:2    | Found Ruremn's Magic Scroll Shoppe.
 15913 | Orc:2    | Found Riyleo's Distillery.
 15922 | Orc:2    | Bought a potion of curing for 33 gold pieces
 15923 | Orc:2    | Bought a scroll of summoning for 123 gold pieces
 15923 | Orc:2    | Bought a scroll of identify for 26 gold pieces
 16929 | Orc:2    | Bought a scroll of blinking for 97 gold pieces
 16929 | Orc:2    | Bought a scroll of teleportation for 39 gold pieces
 16929 | Orc:2    | Bought a scroll of revelation for 97 gold pieces
 16930 | Orc:2    | Bought a potion of invisibility for 88 gold pieces
 16930 | Orc:2    | Bought a potion of mutation for 88 gold pieces
 16930 | Orc:2    | Bought a potion of magic for 88 gold pieces
 17181 | D:11     | Found a roughly hewn altar of Beogh.
 17524 | D:13     | Identified the +8 halberd of the Sandy God {flame, Fly rC+}
 17538 | D:13     | Anointed Orkidu the warrior as your apostle
 17753 | D:13     | Reached XP level 14. HP: 65/103 MP: 8/26
 17865 | D:13     | Found Xomaroe's Jewellery Shoppe.
 18161 | D:13     | Reached skill level 10 in Invocations
 18169 | D:13     | Identified the +8 chain mail "Folaipt" {Will+ Regen+}
 18195 | D:13     | Found a sacrificial altar of Ru.
 18219 | D:13     | Your ally Orkidu died
 18270 | D:13     | Your ally Boderik died
 18579 | D:13     | Found a radiant altar of Vehumet.
 18579 | D:13     | Found a sparkling altar of Nemelex Xobeh.
 18579 | D:13     | Found an iron altar of Okawaru.
 18677 | D:13     | Identified the +4 rapier "Trog's Righteous Anger" {protect,
                  | Int+3 Dex+3}
 18898 | D:13     | Reached skill level 12 in Conjurations
 19224 | D:13     | Found a gate to the Vaults.
 19330 | D:14     | Noticed Azrael
 19478 | D:14     | Identified the ring "Addebbir" {rC+ Dex+3 Slay+3}
 19657 | D:14     | Noticed Snorg
 19673 | D:14     | Killed Snorg
 19987 | D:14     | Your ally Warbeogh died
 20266 | D:14     | Noticed Roxanne
 20350 | D:14     | Killed Azrael
 20816 | D:15     | Entered Level 15 of the Dungeon
 21049 | D:15     | Reached skill level 1 in Shields
 21630 | D:15     | Found a staircase to the Depths.
 22136 | D:15     | Gained mutation: Your demonic aura often causes spilled
                  | blood to erupt in flames. [demonic ancestry]
 22136 | D:15     | Reached XP level 15. HP: 60/112 MP: 25/27
 23046 | Lair:1   | Entered Level 1 of the Lair of Beasts
 23387 | Lair:1   | Noticed Jeremiah
 23399 | Lair:1   | Killed Jeremiah
 24027 | Lair:1   | Learned a level 5 spell: Iskenderun's Battlesphere
 24033 | Lair:1   | Learned a level 4 spell: Iskenderun's Mystic Blast
 24135 | Lair:2   | Found a hole to the Spider Nest.
 24241 | Lair:2   | Found a dark tunnel.
 24258 | Lair:2   | Anointed Warrok the wizard as your apostle
 24462 | Volcano  | Entered a volcano
 25589 | Lair:2   | Found a staircase to the Swamp.
 25701 | Lair:3   | Identified the +2 buckler of Relativism {rF++}
 27075 | Lair:4   | Reached skill level 5 in Armour
 27279 | Lair:4   | Identified the +0 scale mail of the Doldrums {rElec Dex-5
                  | Slay+2}
 27298 | Lair:4   | Found a viscous altar of Jiyva.
 27299 | Lair:4   | Found a staircase to the Slime Pits.
 27512 | Lair:4   | Reached skill level 5 in Alchemy
 27516 | Lair:4   | Reached skill level 5 in Shields
 28246 | Lair:5   | Entered Level 5 of the Lair of Beasts
 28350 | Lair:5   | Reached XP level 16. HP: 120/120 MP: 19/29
 29070 | Lair:5   | Reached skill level 13 in Conjurations
 29102 | Lair:5   | Your ally Warrok died
 29171 | Lair:5   | Your ally Orkidu died
 29172 | Lair:5   | Identified the +1 dagger "Lorhoz" {vamp, Fly rCorr Stlth+}
 29386 | Lair:5   | Your ally Warbeogh died
 30177 | Swamp:1  | Entered Level 1 of the Swamp
 30211 | Swamp:1  | Noticed Mlioglotl
 30220 | Swamp:1  | Killed Mlioglotl
 30221 | Swamp:1  | Reached skill level 10 in Fighting
 30236 | Swamp:1  | Noticed Louise
 30310 | Swamp:1  | Noticed Donald
 30318 | Swamp:1  | Killed Donald
 30348 | Swamp:1  | Killed Louise
 30452 | Swamp:1  | Reached skill level 10 in Spellcasting
 30457 | Swamp:1  | Found a glacial archway.
 30628 | IceCv    | Entered an ice cave
 30807 | IceCv    | Your ally Warbeogh died
 30973 | IceCv    | Reached ****** piety under Beogh
 31072 | IceCv    | Your ally Warrok died
 31607 | IceCv    | Identified the ring "Setzykhli" {Ice rElec rPois Str-3
                  | Int-3}
 31629 | IceCv    | Noticed an Ice Fiend
 31631 | IceCv    | Your ally Orkidu died
 32338 | IceCv    | Killed an Ice Fiend
 32759 | Swamp:1  | Gained mutation: You are powered by pain. [demonic
                  | ancestry]
 32759 | Swamp:1  | Reached XP level 17. HP: 102/130 MP: 27/31
 33489 | Swamp:2  | Noticed Frances
 33519 | Swamp:2  | Killed Frances
 33613 | Swamp:2  | Your ally Warbeogh died
 33617 | Swamp:2  | Reached skill level 14 in Conjurations
 33646 | Swamp:2  | Identified the +9 dagger of Regruawi {distort, ^Fragile
                  | rElec Int+7}
 33657 | Swamp:2  | Your ally Orkidu died
 33681 | Swamp:2  | Anointed Arbeogh the wizard as your apostle
 34307 | Swamp:3  | Your ally Arbeogh died
 34538 | Swamp:3  | Identified the +5 sling of the Distant Future {flame, rC+
                  | Str+3}
 35325 | D:4      | Bought a book of Movement for 400 gold pieces
 35325 | D:4      | Bought a book of Dangerous Friends for 420 gold pieces
 35332 | D:4      | Learned a level 6 spell: Bombard
 35630 | Swamp:4  | Entered Level 4 of the Swamp
 35928 | Swamp:4  | Reached skill level 1 in Summonings
 36756 | Swamp:4  | Your ally Orkidu died
 36797 | Swamp:4  | Got a decaying rune of Zot
 37176 | Spider:1 | Entered Level 1 of the Spider Nest
 37179 | Spider:1 | Your ally Warbeogh died
 37470 | Spider:1 | Identified the +1 kite shield "Ampaebb" {Int+3}
 37803 | Spider:1 | Gained mutation: Your hexes are more powerful. [demonic
                  | ancestry]
 37803 | Spider:1 | Reached XP level 18. HP: 119/140 MP: 25/32
 38577 | Spider:1 | Your ally Warbeogh died
 39144 | Spider:2 | Identified the +7 mace "Aubergine" {freeze, Fly rElec
                  | Will+}
 39303 | Spider:2 | Your ally Arbeogh died
 39334 | Spider:2 | Identified the +8 great mace "Ommoeps" {speed, rF+ rN+}
 39351 | Spider:2 | Anointed Agrik the warrior as your apostle
 39974 | Spider:2 | Reached skill level 10 in Shields
 40313 | Spider:3 | Noticed Arachne
 40319 | Spider:3 | Killed Arachne
 40471 | Spider:3 | Identified the serpent talisman "Miph" {rF+ rC+ rN+}
 40471 | Spider:3 | Noticed Aizul
 40474 | Spider:3 | Killed Aizul
 40691 | Spider:3 | Your ally Orkidu died
 40697 | Spider:3 | Reached skill level 15 in Conjurations
 40892 | Spider:3 | Your ally Arbeogh died
 40937 | Spider:3 | Found a runed translucent gate.
 40937 | Spider:3 | Found a runed translucent gate.
 40937 | Spider:3 | Found a runed translucent gate.
 41311 | Spider:3 | Noticed TwadoKnight's ghost (adept MiFi)
 41840 | Spider:3 | Killed TwadoKnight's ghost
 41972 | Spider:3 | Identified the +2 pair of boots "Xongigec" {Rampage}
 41973 | Spider:3 | Identified the +2 pair of gloves of Patience {rN+ MP-9
                  | Dex-3 Slay+4}
 42042 | Spider:4 | Entered Level 4 of the Spider Nest
 42059 | Spider:4 | Noticed Bai Suzhen
 42073 | Spider:4 | Killed Bai Suzhen
 42243 | Spider:4 | Your ally Arbeogh died
 42258 | Spider:4 | Your ally Orkidu died
 42376 | Spider:4 | Reached skill level 15 in Earth Magic
 42515 | Spider:4 | Reached XP level 19. HP: 144/146 MP: 2/34
 42517 | Spider:4 | Reached skill level 16 in Conjurations
 42845 | Spider:4 | Got a gossamer rune of Zot
 43083 | Spider:2 | Anointed Ugbert the wizard as your apostle
 43252 | Vaults:1 | Entered Level 1 of the Vaults
 43457 | Vaults:1 | Noticed Norris
 43464 | Vaults:1 | Killed Norris
 43465 | Vaults:1 | Reached skill level 17 in Conjurations
 43856 | Vaults:1 | Noticed Nikola
 43870 | Vaults:1 | Killed Nikola
 44558 | Vaults:1 | Reached skill level 18 in Conjurations
 44854 | Vaults:2 | Your ally Ugbert died
 45166 | Vaults:2 | Reached skill level 5 in Summonings
 45181 | Vaults:2 | Your ally Orkidu died
 45457 | Vaults:2 | Identified the +4 scale mail of Amelioration {rF+ rC+}
 45624 | Vaults:2 | Gained mutation: You are surrounded by a strong repulsion
                  | field. (EV +4, RMsl) [demonic ancestry]
 45624 | Vaults:2 | Reached XP level 20. HP: 146/154 MP: 32/35
 45958 | Vaults:2 | You fall into a shaft and drop 1 floor!
 45960 | Vaults:3 | Paralysed by a sphinx for 5 turns
 46134 | Vaults:3 | Found a staircase to the Crypt.
 46663 | Vaults:3 | Reached skill level 5 in Staves
 46686 | Vaults:3 | Identified the +12 great mace "Ganojig" {spect, Dex+6}
 46698 | Vaults:3 | Your ally Agrik died
 46711 | Vaults:3 | Your ally Orkidu died
 46715 | Vaults:3 | Anointed Gorm the warrior as your apostle
 46958 | Vaults:3 | Acquired 832 gold pieces
 48199 | Vaults:4 | Your ally Gorm died
 48673 | Vaults:4 | Identified the +2 flail of Virtue {freeze, rF+ Str+3
                  | Stlth+}
 49397 | Vaults:4 | Learned a level 7 spell: Spellforged Servitor
 49642 | Depths:1 | Entered Level 1 of the Depths
 49658 | Depths:1 | Gained mutation: Your demonic aura causes all spilled blood
                  | to erupt in flames. [demonic ancestry]
 49658 | Depths:1 | Reached XP level 21. HP: 163/163 MP: 26/37
 49728 | Depths:1 | Reached skill level 10 in Dodging
 50152 | Depths:1 | Reached skill level 19 in Conjurations
 50355 | Depths:1 | Found a gateway to Hell.
 50910 | Depths:1 | Learned a level 7 spell: Orb of Destruction
 50927 | Depths:1 | Learned a level 5 spell: Fireball
 51237 | Temple   | Fell from the grace of Beogh
 51237 | Temple   | Became a worshipper of Sif Muna the Loreminder
 51778 | Depths:2 | Reached skill level 1 in Fire Magic
 51922 | Depths:2 | Found a one-way gate leading to the halls of Pandemonium.
 51925 | Depths:2 | Found a one-way gateway to a ziggurat.
 52077 | Depths:2 | Found a shimmering blue altar of Sif Muna.
 52078 | Depths:2 | Found a blossoming altar of Fedhas.
 52078 | Depths:2 | Found a basalt altar of Yredelemnul.
 52398 | Elf:1    | Entered Level 1 of the Elven Halls
 52410 | Orc:2    | Reached * piety under Sif Muna
 52838 | Elf:1    | Found Ruloaff's Weapon Boutique.
 53341 | Elf:1    | Reached ** piety under Sif Muna
 54128 | Elf:2    | Reached skill level 5 in Fire Magic
 54305 | Elf:2    | Reached *** piety under Sif Muna
 54584 | Elf:2    | Found Wapiolanud's Assorted Antiques.
 54584 | Elf:2    | Found Xetyfut's Weapon Boutique.
 54587 | Elf:2    | Found Qorghoma's Magic Scroll Shop.
 54588 | Elf:2    | Found Yleucram's Assorted Antiques.
 54639 | Elf:2    | Bought a scroll of fear for 124 gold pieces
 54936 | Elf:2    | Found a runed translucent gate.
 54936 | Elf:2    | Found a runed translucent gate.
 54946 | Elf:2    | Found a runed translucent gate.
 55104 | Elf:2    | Noticed Agnes
 55205 | Elf:2    | Killed Agnes
 55208 | Elf:2    | Reached XP level 22. HP: 172/172 MP: 22/39
 55805 | Elf:3    | Entered Level 3 of the Elven Halls
 55825 | Elf:3    | Found Ranymo Womi's Jewellery Emporium.
 56098 | Elf:3    | Found Gesy's Book Shop.
 56101 | Elf:3    | Found Wochoomeikk's Jewellery Shoppe.
 56102 | Elf:3    | Found Migoi's Book Shop.
 56174 | Elf:3    | Found Wumerom's Mass Market.
 56801 | Elf:3    | Reached **** piety under Sif Muna
 56801 | Elf:3    | Identified the +2 glaive of Ozemeuj {antimagic, Int+8}
 56812 | Elf:3    | Reached skill level 10 in Summonings
 57776 | Elf:3    | Identified the +8 battleaxe of the Scroll {heavy, Str-3
                  | Int+6}
 57861 | Elf:3    | Reached skill level 5 in Translocations
 58054 | Elf:3    | Found the +5 Lochaber axe {reach-cleave, Poleaxe ^Drain}
 58087 | Elf:3    | Found the +1 cloak of Starlight {*Dazzle EV+4 Stlth--}
 58093 | Elf:3    | Got the Octavo of Hyperborean Elsewhere
 58095 | Elf:3    | Got Sif Muna's Octavo of Ill-fated Peregrination
 58103 | Elf:3    | Identified the +3 scale mail of Dishonour {-Tele rF+ rC++
                  | Dex+3}
 58104 | Elf:3    | Identified the staff of Circularity {+Blink Stlth+ Earth}
 58320 | Elf:3    | Bought the ring of Orthodoxy {rC+ rCorr Slay+2 Stlth+} for
                  | 678 gold pieces
 58478 | D:9      | Bought a manual of Evocations for 1200 gold pieces
 58478 | D:9      | Bought a manual of Invocations for 1200 gold pieces
 58836 | Depths:2 | Noticed a caustic shrike
 58837 | Depths:2 | Noticed a caustic shrike
 58841 | Depths:2 | Noticed a caustic shrike
 58844 | Depths:2 | Killed a caustic shrike
 58849 | Depths:2 | Noticed a caustic shrike
 58864 | Depths:2 | Killed a caustic shrike
 59430 | Depths:2 | Killed a caustic shrike
 60468 | Depths:2 | Identified the +6 rapier "Parghiski" {freeze, Str+6}
 60909 | Depths:2 | Reached skill level 20 in Conjurations
 60915 | Depths:2 | Reached skill level 10 in Evocations
 61638 | Depths:2 | Noticed a golden dragon
 61734 | Depths:2 | Reached ***** piety under Sif Muna
 61993 | Depths:2 | Killed a golden dragon
 62697 | Depths:2 | Identified the +0 scale mail of Living Freedom {rF+++ Str+3
                  | Dex-3}
 62760 | Depths:2 | Upgraded the game from 0.32-a0-886-g41c5271027 to
                  | 0.32-a0-893-gf85d74f360
 62844 | Depths:3 | Reached XP level 23. HP: 138/179 MP: 28/40
 62949 | Depths:3 | Noticed a caustic shrike
 62955 | Depths:3 | Identified the ring "Ataethra" {^Drain rElec Str+5 Dex+6
                  | Slay-6}
 62959 | Depths:3 | Killed a caustic shrike
 63578 | Depths:3 | Found a one-way gate to the infinite horrors of the Abyss.
 63801 | Depths:3 | Identified the +1 ring mail of the Eagle {rElec rN+}
 64373 | Depths:3 | Found a hide-covered altar of Uskayaw.
 64728 | Depths:4 | Entered Level 4 of the Depths
 64741 | Depths:4 | Reached skill level 15 in Invocations
 65510 | Depths:4 | Received a gift from Sif Muna
 65627 | Depths:4 | Found a gate to the Realm of Zot.
 65642 | Depths:4 | Reached skill level 15 in Fighting
 66928 | Depths:4 | Noticed Vv
 66939 | Depths:4 | Killed Vv
 67433 | Depths:4 | Identified the +0 short sword of Igogavoo {flame, rC+
                  | rCorr}
 67796 | Vaults:1 | Identified the +7 kite shield of the Flute {*Corrode rElec
                  | rF+ rC+}
 67796 | Vaults:1 | Noticed Asterion
 67807 | Vaults:1 | Killed Asterion
 68568 | Vaults:5 | Entered Level 5 of the Vaults
 68629 | Vaults:5 | Noticed a dread lich
 68634 | Vaults:5 | Killed a dread lich
 68716 | Vaults:5 | Received a gift from Sif Muna
 68717 | Vaults:5 | Got Sif Muna's Sophisticated Spellcraft {god gift}
 68730 | Vaults:5 | Learned a level 5 spell: Irradiate
 69127 | Vaults:5 | Got a silver rune of Zot
 69129 | Vaults:5 | Got the Verses on Terrestrial Fulmination
 69214 | Vaults:5 | Identified the +10 halberd of Hacking and Slashing {venom,
                  | rElec rF- Will+ SInv}
 69244 | Vaults:5 | Reached XP level 24. HP: 189/189 MP: 34/41
 69245 | Vaults:5 | Identified the +2 flail of the Threshing Hero {flame, rF+
                  | Str+3}
 69376 | Vaults:5 | Noticed Saint Roka
 69411 | Vaults:5 | Killed Saint Roka
 70716 | Vaults:5 | Received a gift from Sif Muna
 70870 | Vaults:5 | Learned a level 5 spell: Lee's Rapid Deconstruction
 70986 | Vaults:5 | Got the Discursus on Macabre Transportation
 71198 | Vaults:5 | Reached skill level 21 in Conjurations
 71283 | Vaults:5 | Reached skill level 15 in Spellcasting
 71889 | Vaults:5 | Learned a level 8 spell: Lehudib's Crystal Spear
 71896 | Vaults:5 | Acquired 414 gold pieces
 71898 | Vaults:5 | Acquired 776 gold pieces
 72006 | Crypt:1  | Entered Level 1 of the Crypt
 72825 | Crypt:1  | Found a transporter.
 72835 | Crypt:1  | Noticed Vailuoroe's ghost (veteran GrEE)
 72900 | Crypt:1  | Found a transporter.
 73165 | Crypt:1  | Received a gift from Sif Muna
 73361 | Crypt:1  | Was forgiven by Beogh
 74261 | Crypt:2  | Noticed Pimiptod's ghost (adept MiFi)
 74512 | Crypt:2  | Identified the orb "Vearchy" {light, -Tele Int+5 Dex+3}
 74512 | Crypt:2  | Noticed Frederick
 74520 | Crypt:2  | Killed Frederick
 74732 | Crypt:2  | Found a runed translucent door.
 75725 | Crypt:2  | Received a gift from Sif Muna
 75855 | Crypt:2  | Got Sif Muna's Monograph on Concussion {god gift}
 76305 | Crypt:2  | Killed Pimiptod's ghost
 76389 | Crypt:3  | Entered Level 3 of the Crypt
 76590 | Crypt:3  | Gained mutation: Your melee attacks may debilitate your
                  | foes. [demonic ancestry]
 76590 | Crypt:3  | Reached XP level 25. HP: 197/197 MP: 22/42
 77057 | Crypt:3  | Found the +6 Majin-Bo {spellvamp, MP+6 Int+6}
 77075 | Crypt:3  | Identified the amulet of the Sky {Reflect rN+ Regen+ Int+3
                  | Slay+5 SH+5}
 77075 | Crypt:3  | Identified the ring of Ejuru {rC+ rN++ Str-5 Int+2 Slay+3}
 77494 | Crypt:3  | Paralysed by a vampire knight for 5 turns
 77500 | Crypt:3  | Found a staircase to the Tomb.
 77722 | Crypt:3  | Identified the +6 morningstar of Neafiupi {freeze, rElec
                  | Will+ Str+3}
 78354 | Crypt:3  | Noticed an ancient lich
 78361 | Crypt:3  | Killed an ancient lich
 78361 | Crypt:3  | Received a gift from Sif Muna
 78507 | Crypt:3  | Got Sif Muna's Information on Inflammable Sinister Spells
                  | {god gift}
 78517 | Crypt:3  | Got Kawela's Spellwork, Volume Seven
 78941 | Crypt:3  | Found an ancient bone altar of Kikubaaqudgha.
 78993 | Crypt:3  | Noticed an ancient lich
 78996 | Crypt:3  | Killed an ancient lich
 78997 | Crypt:3  | Reached skill level 15 in Evocations
 79157 | Crypt:3  | Noticed a dread lich
 79162 | Crypt:3  | Killed a dread lich
 79246 | Crypt:3  | Identified the +1 scimitar of the Devouring Enemy {protect,
                  | rPois rC+}
 79814 | Slime:1  | Entered Level 1 of the Pits of Slime
 80409 | Slime:3  | Received a gift from Sif Muna
 80410 | Slime:3  | Got Sif Muna's Anthology of Creative Talus {god gift}
 80677 | Slime:5  | Entered Level 5 of the Pits of Slime
 80943 | Slime:5  | Noticed the Royal Jelly
 80974 | Slime:5  | Killed the Royal Jelly
 81097 | Slime:5  | Got a slimy rune of Zot
 81098 | Slime:5  | Identified the +6 acid dragon scales "Epom" {rCorr Int+5}
 81105 | Slime:5  | Gained mutation: Armour fits poorly on your strangely
                  | shaped body. [a shining eye]
 81149 | Slime:5  | Identified the +0 hat "Xeeven" {Dex+2}
 82078 | Elf:3    | Bought the ring of Yendor {rPois EV+5} for 708 gold pieces
 82090 | Elf:3    | Bought the ring of Seol {rC- MP+9 Dex+6 SInv} for 1063 gold
                  | pieces
 82473 | Zot:1    | Entered Level 1 of the Realm of Zot
 83784 | Zot:1    | Gained mutation: You are surrounded by an aura of silence.
                  | [demonic ancestry]
 83784 | Zot:1    | Reached XP level 26. HP: 200/204 MP: 33/43
 84436 | Zot:2    | Received a gift from Sif Muna
 84440 | Zot:2    | Got Sif Muna's Tome of Injury {god gift}
 84789 | Zot:2    | Reached skill level 22 in Conjurations
 85189 | Zot:2    | Reached skill level 10 in Fire Magic
 85576 | Zot:2    | Identified the +0 plate armour "Kodad" {rF- rC+ Slay+3}
 86271 | Zot:3    | Received a gift from Sif Muna
 86305 | Zot:3    | Got Sif Muna's Incunabulum of Projective Turbulence {god
                  | gift}
 86317 | Zot:2    | Learned a level 4 spell: Passage of Golubria
 87102 | Zot:3    | Identified the +0 hat "Doschaeh" {rPois rCorr Str-5 Slay+3}
 88616 | Zot:4    | Reached ****** piety under Sif Muna
 88658 | Zot:4    | Reached XP level 27. HP: 206/210 MP: 15/43
 88990 | Zot:4    | Received a gift from Sif Muna
 88991 | Zot:4    | Got Sif Muna's Reference Book on Inflammable Turbulence
                  | {god gift}
 89374 | Zot:4    | Reached skill level 23 in Conjurations
 89645 | Zot:5    | Entered Level 5 of the Realm of Zot
 89651 | Zot:5    | Found a runed translucent gate.
 89654 | Zot:5    | Noticed Qephaces's ghost (veteran GnGl)
 89655 | Zot:5    | Found a runed translucent gate.
 89672 | Zot:5    | Found a runed translucent gate.
 89689 | Zot:5    | Found a huge runed translucent gate.
 89689 | Zot:5    | Found a huge runed translucent gate.
 89689 | Zot:5    | Found a huge runed translucent gate.
 89689 | Zot:5    | Found a huge runed translucent gate.
 89699 | Zot:5    | Found a huge runed translucent gate.
 89699 | Zot:5    | Found a huge runed translucent gate.
 89699 | Zot:5    | Found a huge runed translucent gate.
 89722 | Zot:5    | Found a huge runed translucent gate.
 89722 | Zot:5    | Found a huge runed translucent gate.
 89723 | Zot:5    | Found a huge runed translucent gate.
 89729 | Zot:5    | Found a huge runed translucent gate.
 89730 | Zot:5    | Found a huge runed translucent gate.
 89731 | Zot:5    | Found a huge runed translucent gate.
 89732 | Zot:5    | Found a huge runed translucent gate.
 89733 | Zot:5    | Found a huge runed translucent gate.
 89734 | Zot:5    | Found a huge runed translucent gate.
 89735 | Zot:5    | Found a huge runed translucent gate.
 89735 | Zot:5    | Found a huge runed translucent gate.
 90099 | Zot:5    | Found a huge runed translucent gate.
 90100 | Zot:5    | Found a huge runed translucent gate.
 90101 | Zot:5    | Found a huge runed translucent gate.
 90101 | Zot:5    | Found a huge runed translucent gate.
 90102 | Zot:5    | Found a huge runed translucent gate.
 90103 | Zot:5    | Found a huge runed translucent gate.
 90105 | Zot:5    | Found a huge runed translucent gate.
 90106 | Zot:5    | Found a huge runed translucent gate.
 90107 | Zot:5    | Found a huge runed translucent gate.
 90108 | Zot:5    | Found a huge runed translucent gate.
 90109 | Zot:5    | Found a huge runed translucent gate.
 90109 | Zot:5    | Found a huge runed translucent gate.
 90113 | Zot:5    | Found a huge runed translucent gate.
 90114 | Zot:5    | Found a huge runed translucent gate.
 90115 | Zot:5    | Found a huge runed translucent gate.
 90115 | Zot:5    | Found a huge runed translucent gate.
 90117 | Zot:5    | Found a huge runed translucent gate.
 90118 | Zot:5    | Found a huge runed translucent gate.
 90449 | Zot:4    | Killed Qephaces's ghost
 90652 | Zot:5    | Reached skill level 15 in Fire Magic
 90666 | Zot:5    | Noticed a dread lich
 90666 | Zot:5    | Noticed a dread lich
 90666 | Zot:5    | Noticed an ancient lich
 90666 | Zot:5    | Noticed an ancient lich
 90677 | Zot:5    | Killed an ancient lich
 90799 | Zot:5    | Killed an ancient lich
 90909 | Zot:4    | Killed a dread lich
 91199 | Zot:5    | Killed a dread lich
 91438 | Zot:5    | Identified the +1 pair of boots "Ixux" {+Inv}
 91442 | Zot:5    | Identified the amulet "Plog" {Reflect SH+5 Stlth+}
 91942 | Elf:3    | Bought a ring of wizardry for 540 gold pieces
 92286 | Zig:1    | Entered Level 1 of a ziggurat
 92367 | Zig:2    | Entered Level 2 of a ziggurat
 92425 | Zig:3    | Entered Level 3 of a ziggurat
 92425 | Zig:3    | Noticed Lunen the pandemonium lord
 92436 | Zig:3    | Killed Lunen the pandemonium lord
 92573 | Zig:4    | Entered Level 4 of a ziggurat
 92769 | Zig:5    | Entered Level 5 of a ziggurat
 92827 | Zig:6    | Entered Level 6 of a ziggurat
 92975 | Zig:6    | Identified the ring of Recklessness {rF+ rN+ Str+6}
 93013 | Zig:6    | Learned a level 8 spell: Ignition
 93017 | Zig:7    | Entered Level 7 of a ziggurat
 93221 | Zig:8    | Entered Level 8 of a ziggurat
 93238 | Zig:8    | Received a gift from Sif Muna
 93315 | Zig:8    | Acquired a manual of Dodging
 93320 | Zig:9    | Entered Level 9 of a ziggurat
 93464 | Zig:10   | Entered Level 10 of a ziggurat
 93649 | Zig:10   | Identified the staff "Woamaiq" {Int+7 SInv Stlth- Earth}
 93652 | Zig:10   | Identified the +2 ring mail of the Arena {Slay+4}
 93655 | Zig:10   | Identified the ring "Fuwyoho" {rPois Will+++ rCorr Str-2
                  | Dex+6}
 93694 | Zig:11   | Entered Level 11 of a ziggurat
 93896 | Zig:11   | Identified the staff of Summertime {rN+ Dex+5 Stlth+ Necro
                  | Alchemy}
 93926 | Zig:12   | Entered Level 12 of a ziggurat
 93945 | Zig:12   | Received a gift from Sif Muna
 93948 | Zig:12   | Reached skill level 24 in Conjurations
 94107 | Zig:12   | Identified the +0 robe "Hytrebb" {Int+4 Dex+3 Stlth+}
 94117 | Zig:12   | Identified the +6 rapier "Bytophuf" {freeze, +Blink Fly
                  | Int-4}
 94166 | Zig:12   | Acquired a manual of Armour
 94169 | Zig:13   | Entered Level 13 of a ziggurat
 94178 | Zig:13   | Noticed a royal mummy
 94184 | Zig:13   | Noticed a royal mummy
 94191 | Zig:13   | Killed a royal mummy
 94192 | Zig:13   | Killed a royal mummy
 94365 | Zig:13   | Identified the +1 robe of the Lachrymose God {SInv}
 94366 | Zig:13   | Identified the +1 scale mail "Byutif" {MP+9 Int+2 Dex+2}
 94379 | Zig:13   | Identified the ring of Ru's Whim {Fly rC+ rN+ rCorr Str-4}
 94394 | Zig:14   | Entered Level 14 of a ziggurat
 94548 | Zig:14   | Identified the +5 scale mail of the Hidden Vale {^Drain rN+
                  | Int+3 Dex+3}
 94549 | Zig:14   | Identified the orb of Patterns {light, rN+ Summ Air}
 94586 | Zig:14   | Identified the ring "Deukus" {Wiz Dex+5}
 94632 | Zig:15   | Entered Level 15 of a ziggurat
 94652 | Zig:15   | Received a gift from Sif Muna
 94662 | Zig:15   | HP: 7/210 [nargun (5)]
 94663 | Zig:15   | Slain by a nargun

Illustrated notes

Levels and vault maps discovered:
D:1:      mainiacjoe_arrival_oval_in_oval, layout_rooms,
          ebering_ecumenical_altar_rust
D:2:      layout_rooms
D:3:      layout_basic, overflow_temple_1_default, minmay_diced_spiral
D:4:      layout_basic, minmay_temple_entry_stoned_glass, serial_shops,
          kennysheep_mini_moat, uniq_pikel
D:5:      layout_loops_corners, mainiacjoe_overflow_catwalk,
          minmay_parallelograms, kennysheep_nondescript, uniq_duvessa
D:6:      layout_gridville, mainiacjoe_overflow_small_starburst,
          mainiacjoe_overflow_alcove_4
D:7:      layout_rooms, marbit_many_paths, guppyfry_shop_venom
D:8:      layout_layer_cave, uniq_joseph
D:9:      layout_basic, nicolae_vehumet_altar_sigil, enter_bailey_3,
          nicolae_shop_vocational, uniq_maurice
D:10:     layout_irregular_city, lemuel_coloured_pillars_altar,
          hangedman_decor_peaks_small, minmay_shattered_shrine
D:11:     nicolae_cairo_tiling_very_big, layout_basic, lair_entry_dummy,
          minmay_orc_entry_temple_small
D:12:     layout_rooms, minivault_14
D:13:     minmay_the_grid_octo_2x2 [minmay_the_grid_octo_teeth,
          minmay_the_grid_octo_fat_diamond, minmay_the_grid_octo_shrine,
          minmay_the_grid_octo_prize_star], layout_gridville,
          hellmonk_vaults_keyhole, serial_shops, nicolae_shop_just_a_little_nook
D:14:     layout_roguey, serial_corexii_hall, corexii_hall_statues_i,
          chequers_hall_statues_y, chequers_hall_statues_wall_a,
          chequers_hall_statues_wall_a, corexii_hall_statues_t,
          chequers_hall_statues_corner_a, uniq_snorg, uniq_roxanne, uniq_azrael
D:15:     grunt_enter_depths_magical_seal, layout_basic, serial_glass,
          glass_columns_b, glass_columns_a, chequers_big_river
Temple:   bh_familiar_temple
Lair:1:   layout_regular_city, st_stairs_6, minmay_lair_oklob_bushes,
          beast_lair_carwin_3, uniq_jeremiah
Lair:2:   statuecave_lemuel, layout_misc_corridors, palyth_hydra_swamp_entry,
          spider_nest_entry_funnel_web, nicolae_volcano_entry_lava_flow
Lair:3:   wad_woods_structure_01, layout_regular_city
Lair:4:   layout_small_grid, slime_entry_1
Lair:5:   evilmike_catoblepas_cave, layout_regular_city,
          grunt_forest_large_clearings, infiniplex_staircase_pool
Swamp:1:  layout_falls_marsh, portal_ice_cave_entry_ice_simulacra,
          evilmike_swamp_ruin_house_5, nicolae_swamp_nymph_family_reunion,
          uniq_mlioglotl, uniq_louise, uniq_donald
Swamp:2:  layout_basic_swamp, evilmike_swamp_ruin_house_3, swamp_pool_5,
          uniq_frances
Swamp:3:  layout_basic_swamp, nicolae_swamp_feature_on_the_river_bank
Swamp:4:  swamp_alternative, layout_basic_swamp
Spider:1: layout_spider_delve, nicolae_spider_jagged_tunnels
Spider:2: layout_spider_delve, nicolae_spider_swamp_cousins
Spider:3: layout_spider_delve, gammafunk_ghost_tricky_traps, uniq_aizul,
          uniq_arachne
Spider:4: spider_rune_water, uniq_bai_suzhen
Slime:1:  layout_caves
Slime:2:  layout_caves, cheibrodos_slime_lost_civilization_7
Slime:3:  layout_caves, nicolae_slime_rock_hall_of_fame
Slime:4:  layout_caves
Slime:5:  slime_pit
Orc:1:    layout_caves, serial_shops, nicolae_shop_tiny_statue_garden
Orc:2:    st_orc_ogre_mass, layout_diamond_mine, basic_altar
Elf:1:    eino_elf_arrival_the_gate, layout_geoelf_diagonals, serial_shops,
          nicolae_shop_rolling_square, nicolae_elf_blasts_and_bolts
Elf:2:    elven_hall_of_blades_hangedman_original [grunt_blade_entry_basic],
          layout_geoelf_octagon, minmay_shoptagon, uniq_agnes
Elf:3:    minmay_elf_hall_dome, layout_rooms, serial_shops, shop_fountains,
          minmay_shop_mass, hex_intersection, minmay_shop_grove
Vaults:1: st_cross, ontoclasm_vaults_twist, hangedman_vaults_stretched_pinwheel,
          hangedman_vaults_capsules, nicolae_vaults_tetromino_T_1,
          nicolae_vaults_rhombus_5, ontoclasm_vaults_loading_screen,
          layout_vaults_omnigrid, uniq_nikola, uniq_asterion, uniq_norris
Vaults:2: nicolae_vaults_octagons, vaults_room_fancy_cross, vaults_room_octagon,
          nicolae_vaults_trapezoid_lopsided_3, v_misc_15,
          nicolae_vaults_house_1, nicolae_vaults_little_ls, v_pattern_5,
          nicolae_vaults_more_shelving_1, ontoclasm_vaults_loading_screen,
          layout_vaults_ring
Vaults:3: v_misc_17, grunt_vaults_funnel, v_rooms_5,
          minmay_crypt_entry_simple_walls, nicolae_vaults_turnstiles,
          nicolae_vaults_alarming, nicolae_vaults_double_plus_3,
          vaults_room_ringed_pool, nicolae_vaults_triangles,
          nicolae_vaults_trapezoid_2, nicolae_vaults_loss_of_containment,
          v_rooms_3, nicolae_vaults_house_2, vaults_room_stairs_pillars,
          nicolae_vaults_layer_cake_slice, v_alt_pattern_1,
          nicolae_vaults_storage_room_doors, layout_vaults_omnibox
Vaults:4: vaults_dpeg_hooks, v_misc_18, hangedman_vaults_corner_blocks,
          nicolae_vaults_shelves_hall, v_rooms_5,
          nicolae_vaults_frosty_reception, nicolae_vaults_meeting,
          nicolae_vaults_sightless_eye, nicolae_vaults_big_angled_halls,
          v_misc_3, ontoclasm_vaults_misaligned, hangedman_vaults_locks,
          layout_vaults_maze
Vaults:5: uniq_saint_roka
Crypt:1:  layout_basic, gammafunk_ghost_abyssal_escape
Crypt:2:  layout_chaotic_city, hellmonk_ghost_happy_afterlife, uniq_frederick
Crypt:3:  quadcrypt_mu
Depths:1: layout_basic, hell_entry, onia_ninara_cookie,
          kennysheep_random_hallway
Depths:2: hangedman_slaughterboxes, pan_entry, hell_entry
Depths:3: minmay_cut_squares, layout_cave_shapes, hangedman_coc_ice_floe,
          abyss_entry_glasseish, nicolae_uskayaw_murder_on_the_dancefloor,
          infiniplex_staircase_zigzag_3
Depths:4: grunt_zot_entry_funnels, layout_honeycomb, nicolae_benzene_ring,
          lightli_too_deep, uniq_vv
Zot:1:    layout_gridlike
Zot:2:    layout_gridlike
Zot:3:    layout_basic, hangedman_swamp_dais, grunt_megastairs_5
Zot:4:    kennysheep_ambush_hall, layout_misc_corridors, grunt_ministairs_8
Zot:5:    layout_twisted_circle, gammafunk_ghost_split, door_vault
Zig:15

Skill      XL: |  1  2  3  4  5  6  7  8  9 10 11 12 13 14 15 16 17 18 19 20 21 22 23 24 25 26 27 |
---------------+----------------------------------------------------------------------------------+-----
Earth Magic    | 3 4 5 7 10 11 12 13 14 15 16 | 16.0
Conjurations   | 2 3 4 6 7 9 10 11 12 13 14 15 18 19 20 21 22 24 | 24.3
Spellcasting   | 3 4 5 6 7 8 9 10 11 12 13 14 15 16 17 | 17.6
Fighting       | 1 2 3 4 5 7 8 9 10 11 12 13 14 15 16 | 16.0
Short Blades   | 1 2 4 |  4.0
Evocations     | 3 4 5 6 7 8 9 10 12 14 16 | 16.0
Dodging        | 2 4 5 6 7 8 9 10 11 12 14 | 14.0
Stealth        | 2 4 |  4.0
Hexes          | 2 |  2.0
Maces & Flails | 2 |  2.0
Invocations    | 1 6 8 9 10 11 12 13 14 17 19 20 | 20.0
Translocations | 2 3 4 5 |  5.0
Air Magic      | 2 |  2.0
Alchemy        | 3 4 5 7 |  7.0
Armour         | 1 3 4 5 6 7 |  7.0
Staves         | 1 3 4 5 6 8 9 |  9.8
Shields        | 2 5 8 10 11 12 13 14 | 14.0
Summonings     | 3 4 5 7 9 10 12 | 12.0
Fire Magic     | 5 8 13 18 | 18.4

Action                     |  1- 3 |  4- 6 |  7- 9 | 10-12 | 13-15 | 16-18 | 19-21 | 22-24 | 25-27 || total
---------------------------+-------+-------+-------+-------+-------+-------+-------+-------+-------++-------
  Melee: Short sword       |       |    21 |       |       |       |       |       |       |       ||    21
         Touch             |       |     4 |    14 |     6 |     8 |       |       |       |       ||    32
         Whip              |       |       |    87 |    23 |       |       |       |       |       ||   110
         Unarmed           |       |       |     3 |       |       |       |       |       |       ||     3
         Staff             |       |       |       |    26 |   132 |    90 |   165 |   270 |   110 ||   793
         Dagger            |       |       |       |       |    14 |     9 |       |       |       ||    23
         Mace              |       |       |       |       |       |       |     3 |     6 |       ||     9
         Bo                |       |       |       |       |       |       |       |       |   819 ||   819
   Fire: Sling             |    31 |    22 |       |       |       |       |       |       |       ||    53
  Throw: Dart              |       |       |       |     3 |     2 |       |       |     6 |       ||    11
   Cast: Sandblast         |    43 |    79 |    12 |       |       |       |       |       |       ||   134
         Stone Arrow       |       |    15 |   106 |   180 |   409 |   677 |   201 |       |       ||  1588
         Passwall          |       |     2 |       |       |       |       |       |       |       ||     2
         Jinxbite          |       |     1 |     5 |     1 |       |       |       |       |       ||     7
         Apportation       |       |       |     3 |     4 |     6 |     4 |     2 |     3 |     1 ||    23
         Brom's Barrelling |       |       |       |     8 |    36 |    13 |     3 |     2 |       ||    62
         Mephitic Cloud    |       |       |       |     6 |     9 |       |       |     1 |       ||    16
         Petrify           |       |       |       |     1 |    16 |     8 |       |       |       ||    25
         Blink             |       |       |       |     3 |     3 |     4 |     5 |     6 |    17 ||    38
         Iskenderun's Batt |       |       |       |       |     1 |    39 |       |       |       ||    40
         Iskenderun's Myst |       |       |       |       |       |     2 |     4 |    15 |     4 ||    25
         Bombard           |       |       |       |       |       |    65 |   294 |   695 |   371 ||  1425
         Fireball          |       |       |       |       |       |       |    34 |   102 |    81 ||   217
         Spellforged Servi |       |       |       |       |       |       |       |    79 |    65 ||   144
         Dragon's Call     |       |       |       |       |       |       |       |     2 |       ||     2
         Lee's Rapid Decon |       |       |       |       |       |       |       |    11 |    18 ||    29
         Irradiate         |       |       |       |       |       |       |       |     3 |     2 ||     5
         Lehudib's Crystal |       |       |       |       |       |       |       |       |    34 ||    34
         Ignition          |       |       |       |       |       |       |       |       |    22 ||    22
         Death's Door      |       |       |       |       |       |       |       |       |     1 ||     1
 Invoke: Convert to Beogh  |       |     1 |       |       |       |       |       |       |       ||     1
         Smiting           |       |       |     2 |    12 |    20 |    44 |    24 |       |       ||   102
         Recruit Apostle   |       |       |       |     3 |     2 |     2 |     2 |       |       ||     9
         Recall Apostles   |       |       |       |     7 |    16 |    55 |    41 |       |       ||   119
         Dismiss Apostle   |       |       |       |       |     2 |     2 |     2 |       |       ||     6
         Blood for Blood   |       |       |       |       |     1 |     2 |       |       |       ||     3
         Channel Magic     |       |       |       |       |       |       |       |    11 |    12 ||    23
         Divine Exegesis   |       |       |       |       |       |       |       |     2 |     1 ||     3
  Evoke: Wand              |       |     3 |     7 |     4 |    18 |    26 |     8 |    29 |    12 ||   107
         Condenser vane    |       |       |       |       |     1 |     3 |     4 |       |     1 ||     9
         Phantom mirror    |       |       |       |       |     1 |     3 |     2 |     1 |     1 ||     8
         Box of beasts     |       |       |       |       |       |     4 |     1 |     2 |     2 ||     9
    Use: Scroll            |     4 |     3 |     7 |    12 |     4 |    20 |     7 |    10 |     9 ||    76
         Potion            |       |     2 |     7 |     2 |       |    12 |     1 |     5 |     2 ||    31
   Stab: Distracted        |       |       |       |     1 |       |     1 |     3 |     8 |     8 ||    21
         Petrified         |       |       |       |       |    15 |     3 |       |       |     4 ||    22
         Sleeping          |       |       |       |       |     1 |       |       |       |     5 ||     6
         Petrifying        |       |       |       |       |     1 |       |       |       |       ||     1
         Invisible         |       |       |       |       |       |     3 |       |       |       ||     3
         Confused          |       |       |       |       |       |     1 |       |       |       ||     1
 Armour: Robe              |    16 |    50 |    13 |       |       |       |       |       |       ||    79
         Leather armour    |       |       |    65 |       |       |       |       |       |       ||    65
         Acid dragon scale |       |       |    40 |    82 |   264 |   324 |   186 |    66 |   442 ||  1404
         Skin              |       |       |    35 |       |       |     3 |     4 |       |       ||    42
         Ring mail         |       |       |       |       |       |       |       |   193 |   188 ||   381
  Dodge: Dodged            |    15 |    66 |    99 |    87 |   292 |   295 |   200 |   228 |   719 ||  2001
         Repelled          |       |       |       |       |       |       |    25 |    72 |   144 ||   241
  Block: Buckler           |       |       |       |       |    88 |    21 |       |       |       ||   109
         Kite shield       |       |       |       |       |       |   347 |   394 |   458 |  1424 ||  2623
         Reflection        |       |       |       |       |       |       |       |       |    30 ||    30

Table legend: (Time is in decaauts)
 A = Elapsed time spent in this place.
 B = Non-inter-level travel time spent in this place.
 C = Inter-level travel time spent in this place.
 D = Time resting spent in this place.
 E = Time spent auto-exploring this place.
 F = Levels seen in this place.
 G = Mean time per level.
                   A        B        C        D        E       F      G
               +--------+--------+--------+--------+--------+-----+--------+
         Total |  94813 |  86694 |   8119 |   8047 |  56723 |  74 | 1281.3 |
       Dungeon |  22820 |  19476 |   3344 |   1759 |  12825 |  15 | 1521.3 |
        Temple |    121 |     62 |     59 |      0 |      0 |   1 |  121.0 |
          Lair |   7270 |   6552 |    718 |    211 |   5063 |   5 | 1454.0 |
         Swamp |   4587 |   4393 |    194 |    423 |   2754 |   4 | 1146.8 |
   Spider Nest |   5821 |   5642 |    179 |    415 |   3542 |   4 | 1455.2 |
    Slime Pits |   1292 |   1237 |     55 |    574 |      0 |   5 |  258.4 |
  Orcish Mines |   1798 |   1447 |    351 |     67 |   1138 |   2 |  899.0 |
   Elven Halls |   6230 |   5731 |    499 |    644 |   3978 |   3 | 2076.7 |
        Vaults |  10933 |  10167 |    766 |    544 |   7083 |   5 | 2186.6 |
         Crypt |   7835 |   7389 |    446 |    663 |   5290 |   3 | 2611.7 |
        Depths |  11783 |  10697 |   1086 |   1533 |   6464 |   4 | 2945.8 |
           Zot |   9035 |   8619 |    416 |    743 |   5842 |   5 | 1807.0 |
      Ziggurat |   2365 |   2365 |      0 |     56 |   1639 |  15 |  157.7 |
        Bailey |    688 |    688 |      0 |    105 |    186 |   1 |  688.0 |
      Ice Cave |   1816 |   1816 |      0 |    310 |    669 |   1 | 1816.0 |
       Volcano |    413 |    413 |      0 |      0 |    249 |   1 |  413.0 |
               +--------+--------+--------+--------+--------+-----+--------+

Top non-repeatable levels by time:
Depths:2: 4973 daAuts
Vaults:5: 3366 daAuts
 Crypt:3: 3329 daAuts
Depths:4: 2806 daAuts
 Crypt:1: 2590 daAuts
    D:13: 2511 daAuts
    D:15: 2472 daAuts
     D:5: 2445 daAuts
   Elf:2: 2285 daAuts
   Elf:3: 2282 daAuts
Vaults:3: 2226 daAuts
   Zot:3: 2161 daAuts
   Zot:2: 2092 daAuts
Depths:1: 2092 daAuts
Vaults:2: 2067 daAuts
